Map: Efflorescence LE

Players

Massa

  • Race: Terran Terran
  • League: Platinum
  • Spawn Location: 3:00

qqq

  • Race: Zerg Zerg
  • League: Platinum
  • Spawn Location: 12:00

Pendergast

  • Race: Terran Terran
  • League: Diamond
  • Spawn Location: 9:00

MySTiK

  • Race: Protoss Protoss
  • League: Diamond
  • Spawn Location: 6:00

VOD

Have the link to the VOD?

Description

Time

  • Played on: Jan. 23, 2021, 11:51 a.m.
  • Length: 8:59
Show
View Real Time Build Order
Export as new Build Order

Massa Terran 

Build Orders:  

Get SALT Encoding   

  12  0:00  SCV  
  13  0:12  SCV  
  14  0:17  Supply Depot  
  14  0:26  SCV  
  15  0:39  SCV  
  16  0:51  SCV  
  17  1:03  SCV  
  18  1:05  Barracks  
  18  1:12  Barracks  
  18  1:15  SCV  
  18  1:16  Refinery  
  19  1:20  Supply Depot  
  19  1:25  Supply Depot  
  19  1:29  SCV  
  20  1:41  SCV  
  21  1:51  Barracks Tech Lab  
  22  2:01  Barracks Tech Lab  
  22  2:04  Orbital Command  
  21  2:10  Marauder  
  23  2:20  Marauder  
  25  2:31  Marauder  
  27  2:43  Marauder  
  29  2:50  Refinery  
  29  3:01  Marauder  
  29  3:03  Concussive Shells  
  33  3:12  Marauder  
  33  3:25  Command Center  
  33  3:35  Barracks  
  33  3:38  Marauder x2  
  35  4:17  Marauder  
  35  4:18  Marauder  
  39  4:28  Stimpack  
  33  4:31  Reaper  
  25  4:49  Marine x2  
  27  5:03  Reaper  
  27  5:07  Marine x2  
  26  5:35  Marine  
  25  5:53  Marine  
  23  5:57  SCV  
  17  6:26  SCV x2  
  17  6:28  Marine  
  20  6:36  Engineering Bay  
  20  6:38  SCV  
  20  6:39  Barracks  
  19  6:43  Factory  
  19  6:46  Marine x2  
  19  6:47  Marine  
  19  6:54  SCV x2  
  16  7:11  Marine  
  17  7:16  Missile Turret  
  17  7:17  SCV  
  17  7:18  SCV  
  19  7:26  Factory Tech Lab  
  16  7:45  Cyclone  
  18  7:58  Marine x2  
  18  8:16  Marine  
  19  8:34  SCV x2  
  17  8:46  SCV x2  
Show
View Real Time Build Order
Export as new Build Order

qqq Zerg 

Build Orders: Hatch First 

Get SALT Encoding   

  12  0:11  Drone x2  
  14  0:23  Overlord  
  14  0:49  Drone  
  15  0:51  Hatchery  
  15  0:53  Drone  
  15  1:05  Drone x2  
  17  1:18  Drone  
  18  1:29  Drone  
  18  1:32  Extractor, Spawning Pool  
  17  1:39  Drone  
  18  1:45  Drone  
  19  1:55  Drone  
  20  2:03  Drone  
  21  2:18  Overlord  
  21  2:21  Roach Warren, Queen  
  22  2:26  Queen  
  22  2:29  Drone  
  25  2:33  Drone  
  26  2:38  Extractor  
  26  2:39  Drone  
  26  2:41  Drone  
  27  2:51  Drone  
  28  2:53  Zergling x2  
  28  2:56  Zergling x2  
  30  2:59  Lair  
  30  3:03  Drone  
  31  3:06  Zergling x2  
  31  3:09  Overlord  
  32  3:19  Overlord  
  32  3:29  Roach x2  
  35  3:38  Roach x3  
  35  3:39  Roach  
  41  3:46  Roach x2  
  31  4:17  Drone x3  
  32  4:18  Drone x3  
  35  4:24  Queen  
  37  4:39  Drone x2  
  37  4:43  Spore Crawler  
  38  4:46  Queen  
  38  4:47  Drone x2  
  38  4:51  Drone x2  
  37  5:21  Drone x2  
  38  5:43  Queen  
  38  5:45  Drone x3  
  38  5:46  Drone  
  38  5:49  Overlord x2  
  43  6:17  Queen  
  40  6:43  Drone x3  
  43  6:50  Spore Crawler  
  43  6:52  Spire  
  43  6:53  Extractor x2  
  39  6:56  Drone x3  
  39  6:57  Drone  
  43  7:11  Hatchery  
  42  7:20  Hatchery  
  41  7:40  Drone  
  41  7:41  Drone x2  
  41  7:42  Drone x3  
  47  7:45  Extractor  
  46  8:01  Drone  
  46  8:02  Drone  
  48  8:10  Mutalisk  
  48  8:11  Mutalisk, Infestation Pit  
  51  8:23  Drone  
  52  8:28  Drone x3  
  52  8:30  Drone  
Show
View Real Time Build Order
Export as new Build Order

Pendergast Terran 

Build Orders: Liberator Opening 

Get SALT Encoding   

  12  0:00  SCV  
  13  0:12  SCV  
  14  0:18  Supply Depot  
  14  0:24  SCV  
  15  0:28  Refinery  
  15  0:39  SCV  
  16  0:45  Barracks  
  16  0:51  SCV  
  17  0:59  Refinery  
  17  1:03  SCV  
  18  1:15  SCV  
  19  1:28  SCV  
  20  1:35  Reaper  
  20  1:36  Factory  
  21  1:44  Orbital Command  
  21  1:53  Supply Depot  
  21  2:08  Reaper  
  22  2:12  SCV  
  23  2:24  SCV, Hellion  
  26  2:41  Command Center  
  26  2:42  Reaper  
  27  2:45  SCV  
  27  2:46  Hellion  
  27  2:50  Supply Depot  
  30  2:57  SCV  
  31  3:02  Starport  
  31  3:12  Hellion  
  33  3:19  Supply Depot  
  33  3:42  SCV  
  36  3:50  Liberator  
  36  3:52  Factory Tech Lab  
  36  3:53  Barracks Reactor, Supply Depot  
  32  4:13  SCV  
  32  4:16  Siege Tank  
  32  4:25  SCV  
  33  4:32  Marine  
  33  4:33  Marine  
  33  4:37  SCV  
  36  4:43  Medivac  
  38  4:48  Siege Tank  
  38  4:49  SCV  
  38  4:50  Marine x2  
  44  4:54  Orbital Command  
  44  5:01  SCV  
  45  5:08  Marine x2  
  45  5:13  SCV  
  48  5:20  SCV  
  48  5:24  Starport Reactor  
  48  5:25  SCV  
  49  5:32  Barracks  
  49  5:35  Barracks  
  49  5:37  Barracks Tech Lab  
  49  5:43  SCV x2  
  51  5:51  Siege Tank  
  51  5:55  SCV x2  
  51  5:56  Stimpack  
  56  6:00  Command Center  
  56  6:02  Refinery  
  56  6:07  SCV  
  56  6:08  SCV  
  56  6:10  Marine  
  56  6:11  Supply Depot  
  59  6:12  Supply Depot  
  59  6:19  SCV  
  60  6:25  Starport Reactor  
  60  6:29  SCV, Marauder  
  60  6:30  Marine x4  
  67  6:34  Siege Tank  
  67  6:35  SCV  
  71  6:43  SCV  
  72  6:47  SCV, Marine x2  
  72  6:48  Marine x2  
  72  6:50  Marine, Supply Depot  
  78  6:56  SCV  
  78  6:59  SCV  
  80  7:06  Siege Tank  
  83  7:09  SCV  
  83  7:13  Engineering Bay x2  
  83  7:15  Marine x2  
  86  7:17  Marine x2, Supply Depot  
  86  7:18  Marine, Supply Depot  
  86  7:20  Medivac x2  
  93  7:24  SCV  
  94  7:32  Orbital Command  
  94  7:33  Marine  
  94  7:34  SCV  
  96  7:38  SCV, Marine x4  
  98  7:46  SCV  
  98  7:50  SCV, Marine  
  98  7:51  Medivac  
  103  7:56  Marine x3  
  106  8:01  Marine, Missile Turret  
  106  8:02  Siege Tank  
  110  8:08  Marine  
  111  8:13  Marine  
  111  8:14  Marine x2  
  111  8:15  SCV  
  111  8:19  Marine  
  115  8:21  SCV  
  115  8:23  Command Center  
  115  8:25  Refinery  
  115  8:26  Marine, Supply Depot  
  118  8:27  Supply Depot  
  118  8:30  Refinery, Supply Depot  
  118  8:31  Marine  
  119  8:38  SCV x2, Marine x2  
Show
View Real Time Build Order
Export as new Build Order

MySTiK Protoss 

Build Orders:  

Get SALT Encoding   

  12  0:00  Probe  
  13  0:13  Probe  
  14  0:25  Probe  
  14  0:26  Pylon  
  15  0:44  Probe  
  15  0:45  Gateway  
  16  0:52  Assimilator  
  16  0:56  Probe  
  17  1:08  Probe  
  17  1:09  Gateway  
  18  1:20  Probe  
  18  1:22  Assimilator  
  19  1:32  Probe  
  20  1:35  Cybernetics Core  
  20  1:39  Pylon  
  20  1:44  Probe  
  21  1:56  Probe  
  22  2:08  Probe  
  22  2:09  Stalker x2 (Chrono Boost)  
  27  2:15  Warp Gate  
  27  2:22  Shield Battery  
  27  2:34  Pylon  
  27  2:39  Probe  
  28  2:48  Adept (Chrono Boost)  
  30  3:01  Stargate  
  30  3:16  Probe  
  31  3:39  Void Ray (Chrono Boost)  
  35  3:50  Shield Battery  
  35  3:51  Shield Battery  
  35  3:56  Shield Battery  
  35  3:57  Shield Battery  
  35  4:04  Adept x2  
  25  4:23  Void Ray  
  21  4:35  Adept x2  
  23  5:02  Sentry x2  
  27  5:09  Probe  
  28  5:21  Probe  
  29  5:31  Adept  
  27  6:32  Probe (Chrono Boost)  
  28  6:42  Probe (Chrono Boost)  
  29  6:47  Probe (Chrono Boost)  
  30  6:54  Pylon  
  30  6:59  Probe  
  30  7:42  Probe  
  31  7:50  Nexus  
  31  8:03  Pylon x2  
  31  8:21  Probe  
  31  8:23  Gateway  
  31  8:24  Gateway, Stalker x2  
  36  8:31  Pylon  
  36  8:33  Probe (Chrono Boost)  
  37  8:43  Probe (Chrono Boost)  
  37  8:48  Probe (Chrono Boost)  
Tags
 
Add a new tag
Caveats
  • Supply blocks, unpowered buildings, or Contaminate may cause inaccurate times.
  • Supply counts are checked every 10 seconds.